 Dungeon Crawl Stone Soup version 0.22.1-2-g9c5b331 (webtiles) character file.

60 Tiagovsky the Firebug (level 3, -4/29 HPs)
             Began as a Draconian Fire Elementalist on Dec 27, 2018.
             Slain by a worm (9 damage)
             ... on level 2 of the Dungeon.
             The game lasted 00:15:09 (1541 turns).

Tiagovsky the Firebug (Draconian Fire Elementalist) Turns: 1541, Time: 00:15:10

Health: -4/29      AC:  5    Str: 10    XL:     3   Next: 80%
Magic:  2/7        EV: 12    Int: 16    God:
Gold:   56         SH:  0    Dex: 11    Spells: 1/7 levels left

rFire    . . .     SeeInvis .   e - +0 whip
rCold    . . .     Gourm    .   (no shield)
rNeg     . . .     Faith    .   (armour unavailable)
rPois    .         Spirit   .   (helmet restricted)
rElec    .         Reflect  .   (no cloak)
rCorr    .         Harm     .   (no gloves)
MR       .....                  (no boots)
Stlth    ++........             (no amulet)
HPRegen  0.09/turn              (no ring)
MPRegen  0.10/turn              (no ring)

@: no status effects
A: unfitting armour, cold-blooded, AC +5
a: no special abilities


You were on level 2 of the Dungeon.
You were hungry.

You visited 1 branch of the dungeon, and saw 2 of its levels.

You collected 56 gold pieces.

Inventory:

Hand Weapons
 e - a +0 whip (weapon)
 m - a +0 spear
Missiles
 f - 55 stones (quivered)
 i - 21 sling bullets
 n - 23 arrows
Scrolls
 d - a scroll of remove curse
 h - a scroll of teleportation {unknown}
 j - a scroll of immolation {unknown}
 k - a scroll of identify {unknown}
 l - a scroll of blinking {unknown}
Potions
 a - a potion of lignification
 g - 2 potions of magic {unknown}
Comestibles
 b - 2 rations


   Skills:
 + Level 2.0 Fighting
 - Level 1.7 Dodging
 - Level 1.7 Stealth
 + Level 2.7 Spellcasting
 - Level 1.0 Conjurations
 + Level 3.6 Fire Magic


You had one spell level left.
You knew the following spells:

 Your Spells              Type           Power        Failure   Level  Hunger
a - Flame Tongue          Conj/Fire      #....        8%          1    #......
b - Throw Flame           Conj/Fire      #.....       11%         2    ##.....
c - Conjure Flame         Conj/Fire      #.......     22%         3    ###....

Your spell library contained the following spells:

 Spells                   Type           Power        Failure   Level  Hunger
 Inner Flame              Hex/Fire       #.......     26%         3    ###....
 Sticky Flame             Conj/Fire      #.......     58%         4    #####..
 Fireball                 Conj/Fire      #.........   90%         5    ######.


Dungeon Overview and Level Annotations

Branches:
Dungeon (2/15)

Altars:
Trog


Innate Abilities, Weirdness & Mutations

Your plain brown scales are hard. (AC +5)
You cannot fit into any form of body armour.
You are cold-blooded and may be slowed by cold attacks.


Message History

Casting: Flame Tongue (safe; 8% risk of failure)
Confirm with . or Enter, or press ? or * to list all spells.
Aiming: Flame Tongue (safe; 8% risk of failure)
Press: ? - help, Shift-Dir - straight line, f/p - worm
Aim: a worm (severely wounded, berserk, fast, unusually strong)
The flame tongue misses the worm.
The worm bites you!
You hit the worm but do no damage.
The worm is severely wounded.
The worm closely misses you.
You hit the worm.
The worm is almost dead.
The worm barely misses you.
You barely miss the worm.
The worm is severely wounded.
The worm bites you!
* * * LOW HITPOINT WARNING * * *
You hit the worm.
The worm is almost dead.
The worm bites you!
You die...

#.#####.# #.# #.#
#.# #.# #.# #.#
#######.#
###.#######
###....##.#
#..........
##.......###
#.#.######.
#)).......# #.#.#
#....#w@..# #.#.#
....###...####.#.#
.._.#y#......#.#.#
.)..###...##...#.#
#....#....####.#..
#.........# #.#
##)......## ...
###....## ####
######


You could see a moth of wrath and a worm (berserk).

Vanquished Creatures
  An adder (D:2)
  2 oozes (D:1)
  3 worms (D:2)
  4 bats (D:1)
  A giant cockroach (D:1)
  A hobgoblin (D:1)
  3 jackals (D:2)
  6 kobolds (D:1)
  5 goblins
  9 rats
35 creatures vanquished.

Notes
Turn   | Place    | Note
-------+----------+-------------------------------------------
     0 | D:1      | Tiagovsky the Draconian Fire Elementalist began the quest
                  | for the Orb.
     0 | D:1      | Reached XP level 1. HP: 14/14 MP: 3/3
   300 | D:1      | Reached XP level 2. HP: 22/22 MP: 1/5
   311 | D:1      | Reached skill level 1 in Fighting
   686 | D:1      | Reached XP level 3. HP: 28/28 MP: 2/6
  1047 | D:2      | Learned a level 2 spell: Throw Flame
  1051 | D:2      | Learned a level 3 spell: Conjure Flame
  1221 | D:2      | Noticed a moth of wrath
  1224 | D:2      | Found a bloodstained altar of Trog.
  1541 | D:2      | Slain by a worm

Skill      XL: |  1  2  3 |
---------------+----------+-----
Fighting       | 1 2 |  2.0
Dodging        | |  1.7
Stealth        | |  1.7
Spellcasting   | |  2.7
Conjurations   | |  1.0
Fire Magic     | |  3.6

Action                   || total
-------------------------++-------
Melee: Whip              ||    36
       Tailslap          ||     1
Throw: Stone             ||    30
 Cast: Flame Tongue      ||    54
       Conjure Flame     ||     1
  Use: Scroll            ||     1
       Potion            ||     1
  Eat: Chunk             ||     2
Armor: Skin              ||    12
Dodge: Dodged            ||    37
